 Dungeon Crawl Stone Soup version 0.31-a0-105-gc0b45f0da6 (webtiles) character file.

Game seed: 1920105597936889755

26 Colgate the Grave Robber (level 3, 25/27 HPs)
             Began as a Meteoran Necromancer on May 27, 2023.
             Quit the game on level 2 of the Dungeon.
             The game lasted 00:02:48 (237 turns).

Colgate the Grave Robber (Meteoran Necromancer)      Turns: 237, Time: 00:02:49

Health: 25/27      AC:  2    Str:  9    XL:     3   Next: 41%
Magic:  6/8        EV: 12    Int: 19    God:
Gold:   41         SH:  0    Dex: 14    Spells: 4/8 levels left

rFire   . . .        e - +0 hand axe
rCold   . . .        (no shield)
rNeg    . . .        a - +0 robe
rPois   .            (no helmet)
rElec   .            (no cloak)
rCorr   .            (no gloves)
SInv    .            (no boots)
Will    .....        (no amulet)
Stlth   +            (no ring)
HPRegen 0.24/turn    (no ring)
MPRegen 0.11/turn

%: no passive effects
@: glowing
A: sense surroundings 1, otherworldly, glowing, explore regen
a: no special abilities


You were on level 2 of the Dungeon.
You visited 1 branch of the dungeon, and saw 2 of its levels.

You collected 41 gold pieces.

Inventory:

Hand Weapons
 e - a +0 hand axe (weapon)
 j - a +0 spear
Armour
 a - a +0 robe (worn)
 i - a +0 ring mail
Scrolls
 f - a scroll of silence {unknown}
 g - a scroll of noise {unknown}
 h - a scroll of vulnerability {unknown}
Potions
 b - a potion of magic
 c - 2 potions of curing {unknown}
 d - 3 potions of degeneration {unknown}


   Skills:
 + Level 0.4 Fighting
 - Level 2.4 Dodging
 - Level 1.4 Stealth
 - Level 3.1 Spellcasting
 - Level 5.1 Necromancy


You had 4 spell levels left.
You knew the following spells:

 Your Spells              Type           Power      Damage    Failure   Level
a - Necrotise             Necr           88%        1d8       1%          1
b - Vampiric Draining     Necr           22%        2d7       5%          3

Your spell library contained the following spells:

 Spells                   Type           Power      Damage    Failure   Level
 Animate Dead             Necr           22%        N/A       19%         4
 Agony                    Necr           22%        N/A       45%         5


Dungeon Overview and Level Annotations

Branches:
Dungeon (2/15) Zot: 962

Altars:


Innate Abilities, Weirdness & Mutations

You passively map a small area around you.
You are easily found by Zot.
You glow in the dark.
You regain HP and MP as you explore.


Message History

That beam is likely to hit you.
Continue anyway?
Okay, then.
Aiming: Necrotise (safe; 1% risk of failure)
Aim: a rat (ally target, chance to affect: 91%)
The rat writhes in agony!
You kill the rat!
The dead are walking!
Found a flail.
You now have 41 gold pieces (gained 8).
You see here a +0 flail.
Item here: a +0 flail.
The floor.
Your adder skeleton crumbles into dust!
HP restored.
Found a scroll labelled WYEPSU BYCLYO.
Found a ring mail.
h - a scroll labelled WYEPSU BYCLYO An endoplasm and a ball python come into view.
The ball python hisses angrily.
The endoplasm quivers.
You hit the ball python.
You kill the ball python!
You barely miss the endoplasm. The endoplasm freezes you.
You are frozen.
You hit the endoplasm. The endoplasm freezes you.
You are frozen.
You hit the endoplasm. The endoplasm hits you.
Casting: Necrotise (safe; 1% risk of failure)
Aiming: Vampiric Draining (quite dangerous; 5% risk of failure)
Aim: an endoplasm (severely wounded)
You draw life force from the endoplasm!
You kill the endoplasm!
You feel life coursing into your body.
Found a spear.
You see here a +0 ring mail.
i - a +0 ring mail You see here a +0 spear.
j - a +0 spear

### * #.. ,
#.#** ,
#.#, #.# *
* #.# ,
#.#, , ,,
#@# * * , *
#.# ,, , ,
#.# *,* #.#
# ..
#.#.#,#.# ,
#.#.# #.#
#...# #.# ,
* #.###.#.#
#
#.....#.#.#


There were no monsters in sight!

Vanquished Creatures
  An adder (D:2)
  A dart slug (D:1)
  3 ball pythons
  4 endoplasms
  A giant cockroach (D:1)
  A kobold (D:2)
  A quokka (D:1)
  A frilled lizard (D:1)
  2 rats
15 creatures vanquished.

Notes
Turn   | Place    | Note
-------+----------+-------------------------------------------
     0 | D:1      | Colgate the Meteoran Necromancer began the quest for the
                  | Orb.
     0 | D:1      | Reached XP level 1. HP: 14/14 MP: 5/5
    61 | D:1      | Reached XP level 2. HP: 20/20 MP: 4/7
   157 | D:2      | Reached skill level 5 in Necromancy
   157 | D:2      | Reached XP level 3. HP: 18/26 MP: 4/8
   161 | D:2      | Learned a level 3 spell: Vampiric Draining
   237 | D:2      | Quit the game

Illustrated notes

Levels and vault maps discovered:
D:1:      minmay_arrival_split_and_join, layout_loops_ring
D:2:      layout_basic, basic_altar, kennysheep_doodads

Skill      XL: |  1  2 |
---------------+-------+-----
Spellcasting   | 3 |  3.1
Necromancy     | 5 |  5.1
Fighting       | |  0.4
Dodging        | |  2.4
Stealth        | |  1.4

Action                     || total
---------------------------++-------
  Melee: Hand axe          ||     4
   Cast: Necrotise         ||    23
         Vampiric Draining ||     1
 Armour: Robe              ||     1
  Dodge: Dodged            ||     3

Table legend: (Time is in decaauts)
 A = Elapsed time spent in this place.
 B = Non-inter-level travel time spent in this place.
 C = Inter-level travel time spent in this place.
 D = Time resting spent in this place.
 E = Time spent auto-exploring this place.
 F = Levels seen in this place.
 G = Mean time per level.
                   A        B        C        D        E       F      G
               +--------+--------+--------+--------+--------+-----+--------+
         Total |    237 |    237 |      0 |      0 |      0 |   2 |  118.5 |
       Dungeon |    237 |    237 |      0 |      0 |      0 |   2 |  118.5 |
               +--------+--------+--------+--------+--------+-----+--------+

Top non-repeatable levels by time:
     D:1: 133 daAuts
     D:2: 104 daAuts
